 Dungeon Crawl Stone Soup version 0.30.1-11-g7821555f0a (webtiles) character file.

Game seed: 13740614739175665816

27 lonewolfV2 the Trooper (level 2, -6/27 HPs)
             Began as a Minotaur Fighter on Nov 5, 2023.
             Mangled by a gnoll
             ... wielding a +1 heavy spear
              (12 damage)
             ... on level 2 of the Dungeon.
             The game lasted 00:02:49 (888 turns).

lonewolfV2 the Trooper (Minotaur Fighter)            Turns: 888, Time: 00:02:49

Health: -6/27      AC:  7    Str: 20    XL:     2   Next: 93%
Magic:  1/1        EV: 10    Int:  5    God:
Gold:   52         SH:  4    Dex:  9    Spells: 1/1 levels left

rFire   . . .        a - +0 war axe
rCold   . . .        c - +0 buckler
rNeg    . . .        b - +1 scale mail
rPois   .            (helmet restricted)
rElec   .            (no cloak)
rCorr   .            (no gloves)
SInv    .            (no boots)
Will    .....        (no amulet) Stlth
                     (no ring)
HPRegen 0.24/turn    (no ring)
MPRegen 0.07/turn

%: no passive effects
@: no status effects
A: horns 2, retaliatory headbutt
a: no special abilities


You were on level 2 of the Dungeon.
You visited 1 branch of the dungeon, and saw 2 of its levels.

You collected 52 gold pieces.

Inventory:

Hand Weapons
 a - a +0 war axe (weapon)
Armour
 b - a +1 scale mail (worn)
 c - a +0 buckler (worn)
Potions
 d - a potion of might
 f - 2 potions of curing
 i - a potion of degeneration


   Skills:
 + Level 4.1 Fighting
 - Level 2.4 Axes
 - Level 3.6 Armour
 * Level 2.3 Dodging
 - Level 3.6 Shields


You had one spell level left.
You didn't know any spells.
Your spell library was empty.

Dungeon Overview and Level Annotations

Branches:
Dungeon (2/15)

Altars:


Innate Abilities, Weirdness & Mutations

You have a pair of horns on your head.
You reflexively headbutt those who attack you in melee.


Message History

As you read the scroll labelled HAABAXKI DOBB, it crumbles to dust.
It is a scroll of identify.
f - 2 potions of curing
As you read the scroll of identify, it crumbles to dust.
i - a potion of degeneration You climb downwards.
Found 5 gold pieces.
Found a stone staircase leading down.
There is a stone staircase leading up here.
A gnoll and a goblin come into view.
The gnoll is wielding a +1 heavy spear.
Found 8 stones.
The gnoll shouts!
You hear a shout! x3
There is a stone staircase leading down here.
There are monsters nearby!
A hobgoblin comes into view.
The goblin hits you but does no damage.
You hit the goblin.
The goblin is heavily wounded.
The goblin hits you but does no damage.
The gnoll hits you from afar with a +1 heavy spear!
You hit the goblin.
You kill the goblin!
You hit the hobgoblin but do no damage.
The hobgoblin hits you but does no damage.
The gnoll hits you from afar with a +1 heavy spear.
You slash the hobgoblin!
You kill the hobgoblin!
The gnoll misses you.
A gnoll comes into view. It is wielding a +0 whip.
The gnoll shouts!
There is a stone staircase leading down here.
You see here a hobgoblin corpse.
A gnoll comes into view.
It is wielding a +2 whip of electrocution.
You closely miss the gnoll. You hit the gnoll.
The gnoll hits you with a +1 heavy spear!
* * * LOW HITPOINT WARNING * * *
You hit the gnoll. Your headbutt misses the gnoll.
The gnoll is lightly wounded.
You closely miss the gnoll. x2; The gnoll hits you but does no damage.
The gnoll hits you with a +1 heavy spear!
You die...

# #. #.#.
#.#.## #
....#.#
...#.# ....
##### ##g###
.....(#g@g.#
......).>#.#
######.#.# #
#.#.# #.#$#
#.#.# #.#.#
#.#.# #.#.#


You could see 3 gnolls.

Vanquished Creatures
  4 ball pythons (D:1)
  3 endoplasms (D:1)
  3 goblins
  4 hobgoblins
  3 kobolds (D:1)
  A quokka (D:1)
  4 bats (D:1)
  2 rats (D:1)
24 creatures vanquished.

Notes
Turn   | Place    | Note
-------+----------+-------------------------------------------
     0 | D:1      | lonewolfV2 the Minotaur Fighter began the quest for the
                  | Orb.
     0 | D:1      | Reached XP level 1. HP: 19/19 MP: 0/0
   134 | D:1      | Reached skill level 1 in Dodging
   195 | D:1      | Reached XP level 2. HP: 27/27 MP: 1/1
   289 | D:1      | Reached skill level 4 in Fighting
   888 | D:2      | Mangled by a gnoll

Illustrated notes

Levels and vault maps discovered:
D:1:      dpeg_arrival_three_smaller_balls, layout_basic, serial_park_tiny_2
D:2:      layout_basic, basic_altar

Skill      XL: |  1  2 |
---------------+-------+-----
Dodging        | 1 2 |  2.3
Fighting       | 4 |  4.1
Axes           | |  2.4
Armour         | |  3.6
Shields        | |  3.6

Action                     || total
---------------------------++-------
  Melee: War axe           ||    50
         Headbutt          ||     5
    Use: Scroll            ||     5
 Armour: Scale mail        ||    30
  Dodge: Dodged            ||    29
  Block: Buckler           ||     9
